 Dungeon Crawl Stone Soup version 0.23.2-40-g277498a001 (webtiles) character file.

Game seed: 17208150942779209856

13440 Kostasan the Cruncher (level 11, -6/101 HPs)
             Began as a Minotaur Berserker on Oct 5, 2019.
             Was a High Priest of Trog.
             Mangled by a minotaur
             ... wielding a +2 great sword of draining
              (40 damage)
             ... in a Gauntlet.
             The game lasted 00:36:59 (7772 turns).

Kostasan the Cruncher (Minotaur Berserker)          Turns: 7772, Time: 00:37:00

Health: -6/101     AC: 14    Str: 27    XL:     11   Next: 75%
Magic:  10/10      EV: 17    Int:  6    God:    Trog [*****.]
Gold:   322        SH:  0    Dex: 15    Spells: 10/10 levels left

rFire    + . .     SeeInvis .   q - +8 quarterstaff (chaos)
rCold    + . .     Gourm    .   (shield currently unavailable)
rNeg     . . .     Faith    .   n - +1 ring mail of Action {Str+5 Dex+2}
rPois    +         Spirit   .   A - +2 hat
rElec    .         Reflect  .   C - +1 cloak {rPois}
rCorr    .         Harm     +   h - +0 pair of gloves "Soetzi" {rPois rF+ Int+2}
MR       .....     NoTele   +   (no boots)
Stlth    +.........             b - amulet of harm
HPRegen  0.26/turn              k - ring of protection from cold
MPRegen  0.12/turn              (no ring)

@: berserk cooldown, slowed, lightly drained, very slow
A: retaliatory headbutt, horns 2
a: Berserk, Trog's Hand, Brothers in Arms, Renounce Religion


You were in a Gauntlet.
You worshipped Trog.
Trog was extremely pleased with you.
You were not hungry.

You visited 2 branches of the dungeon, and saw 11 of its levels.
You also visited: Ossuary and Gauntlet.

You collected 569 gold pieces.
You spent 247 gold pieces at shops.

Inventory:

Hand Weapons
 p - a +0 whip
 q - a +8 quarterstaff of chaos (weapon)
Missiles
 F - 2 needles of paralysis
Armour
 h - the +0 pair of gloves "Soetzi" (worn) {rPois rF+ Int+2}
   (You found it in a Gauntlet)

   It affects your intelligence (+2).
   It protects you from fire.
   It protects you from poison.
 n - the +1 ring mail of Action (worn) {Str+5 Dex+2}
   (You found it on level 4 of the Dungeon)

   It affects your strength (+5).
   It affects your dexterity (+2).
 r - a +0 shield
 A - a +2 hat (worn)
 C - a +1 cloak of poison resistance (worn)
 H - the +0 pair of fencer's gloves {Riposte Dex+3}
   (You found it in a Gauntlet)

   It affects your dexterity (+3).
Jewellery
 b - an amulet of harm (around neck)
 j - an uncursed ring of ice
 k - a ring of protection from cold (left hand)
 t - an uncursed ring of teleportation
 G - an uncursed ring of protection from fire {unknown}
Wands
 m - a wand of paralysis (19)
 w - a wand of enslavement (7)
Scrolls
 d - 4 scrolls of remove curse
 f - 4 scrolls of identify
 l - 3 scrolls of blinking
 o - 3 scrolls of fear
 y - a scroll of immolation
 z - 2 scrolls of teleportation
 E - a scroll of magic mapping
Potions
 a - a potion of flight
 e - 4 potions of haste
 g - a potion of agility
 i - 4 potions of curing
 s - a potion of brilliance
 u - a potion of lignification
 x - 7 potions of heal wounds
 B - 4 potions of resistance
 D - a potion of berserk rage {unknown}
Comestibles
 c - 11 rations


   Skills:
 + Level 10.8(10.4) Fighting
 - Level 4.6(9.7) Maces & Flails
 * Level 13.5(13.3) Staves
 + Level 10.5(10.0) Armour
 + Level 9.6(9.1) Dodging


You had 10 spell levels left.
You didn't know any spells.
Your spell library contained the following spells:

 Spells                   Type           Power        Failure   Level  Hunger
 Animate Skeleton         Necr           N/A          56%         1    ##.....
 Apportation              Tloc           #.....       56%         1    ##.....
 Confusing Touch          Hex            #.....       56%         1    ##.....
 Corona                   Hex            #......      56%         1    ##.....
 Summon Small Mammal      Summ           #...         56%         1    ##.....
 Ensorcelled Hibernation  Hex/Ice        #.....       71%         2    ###....
 Confuse                  Hex            #.......     90%         3    ####...
 Dazzling Spray           Conj/Hex       #.....       90%         3    ####...
 Gell's Gravitas          Tloc           #.........   90%         3    ####...
 Tukima's Dance           Hex            #.......     90%         3    ####...
 Petrify                  Tmut/Erth      #.......     100%        4    #####..
 Metabolic Englaciation   Hex/Ice        #.........   100%        5    ######.
 Yara's Violent Unravell  Hex/Tmut       #.........   100%        5    ######.


Dungeon Overview and Level Annotations

Branches:
Dungeon (10/15)            Temple (0/1) D:7            Lair (1/6) D:10
    Orc: D:9-12

Altars:
Cheibriados
Elyvilon
Fedhas
Gozag
Hepliaklqana
Kikubaaqudgha
Okawaru
Ru
Sif Muna
Trog
Uskayaw
Xom
The Shining One

Shops:
D:4 *   D:5 [   D:6 (   D:7 [?

Annotations:
Gauntlet 4 transporters, exclusion: lightning spire


Innate Abilities, Weirdness & Mutations

You reflexively headbutt those who attack you in melee.
You have a pair of horns on your head.


Message History

You feel yourself moving faster!
You feel mighty!
You feel a lot more hungry.
The minotaur throws a javelin.
The javelin closely misses you.
You feel a strong urge to attack something.
The minotaur throws a javelin.
The javelin hits you!!
You see here a javelin.
The minotaur throws a javelin.
The javelin closely misses you.
You feel your anger nearly subside.
You are no longer berserk.
Trog's vigour flows through your veins.
You are exhausted.
You feel yourself slow down.
You sock the minotaur!
The minotaur seems to speed up.
The minotaur is lightly wounded.
The minotaur hits you with a +2 great sword of draining!
You feel drained.
The minotaur gores you but does no damage.
You barely miss the minotaur.
You headbutt the minotaur, but do no damage.
The minotaur is lightly wounded.
The minotaur hits you with a +2 great sword of draining!!
You die...

#########
#.......#
#.#####.# #.#(.
#.# #.#H# #.#
#.#@# #.# #.#.#
#.# #.#(###.#
#.#((...#
#.####### #.....#
#####.#
#########.#######
#≈...............


You could see a minotaur.

Vanquished Creatures
  Gastronok (D:8)
  A centaur warrior (D:10)
  2 thrashing horrors (Gauntlet)
  A fire crab (Gauntlet)
  An unseen horror (D:10)
  Pikel (D:4)
  Maurice (D:8)
  An apocalypse crab (Gauntlet)
  A centaur zombie (D:9)
  A spiny frog (Lair:1)
  A gargoyle (D:10)
  A komodo dragon (D:10)
  A troll (D:10)
  A wind drake (shapeshifter) (D:8)
  2 blink frogs (Lair:1)
  Prince Ribbit (Lair:1)
  2 hippogriffs (D:8)
  A shadow (D:6)
  A wraith (D:10)
  3 fire bats (Gauntlet)
  A basilisk (D:10)
  A hungry ghost (D:8)
  3 water moccasins
  A porcupine (Lair:1)
  4 ice beasts
  3 sky beasts
  2 black bears
  A necrophage (D:5)
  2 phantoms
  2 small abominations (Gauntlet)
  3 ogres
  4 centaurs
  A big kobold (D:8)
  6 bullfrogs
  A scorpion (D:9)
  3 killer bees (D:10)
  6 wights
  5 howler monkeys
  5 crimson imps
  A bullfrog zombie (D:5)
  3 hounds
  A jelly (D:7)
  Crazy Yiuf (D:2)
  A gnoll shaman (D:6)
  2 orc priests
  An iguana (D:9)
  6 worker ants
  A hound zombie (D:10)
  A hound skeleton (D:5)
  4 mummies
  A worker ant zombie (D:6)
  16 gnolls
  8 adders
  2 shadow imps
  2 oozes
  An adder skeleton (D:10)
  4 adder zombies
  A worm (D:4)
  4 dart slugs
  6 leopard geckos
  22 orcs
  6 bats
  2 giant cockroaches
  9 goblins
  9 hobgoblins
  13 jackals
  6 kobolds
  2 quokkas
  2 ball pythons
  3 frilled lizards
  A goblin zombie (Ossuary)
  3 hobgoblin zombies
  A jackal zombie (D:5)
  4 kobold zombies
  2 orc zombies
  2 quokka zombies (Ossuary)
  9 rats
  7 rat zombies (Ossuary)
249 creatures vanquished.

Vanquished Creatures (others)
  2 plants (D:10)
  9 withered plants (Gauntlet)
11 creatures vanquished.

Grand Total: 260 creatures vanquished

Notes
Turn   | Place    | Note
-------+----------+-------------------------------------------
     0 | D:1      | Kostasan the Minotaur Berserker began the quest for the
                  | Orb.
     0 | D:1      | Reached XP level 1. HP: 19/19 MP: 0/0
   116 | D:1      | Reached XP level 2. HP: 25/27 MP: 1/1
   446 | D:1      | Reached ** piety under Trog
   446 | D:1      | Reached XP level 3. HP: 33/33 MP: 2/2
   866 | D:2      | Found a runed translucent door.
   867 | D:2      | Noticed Crazy Yiuf
   874 | D:2      | Killed Crazy Yiuf
   874 | D:2      | Reached XP level 4. HP: 40/40 MP: 3/3
   956 | D:2      | Found a white marble altar of Elyvilon.
  1425 | D:3      | Reached skill level 1 in Staves
  1595 | D:3      | Reached XP level 5. HP: 47/47 MP: 4/4
  1646 | D:3      | Found an ancient bone altar of Kikubaaqudgha.
  1648 | D:3      | Reached skill level 2 in Staves
  1896 | D:3      | Reached *** piety under Trog
  2098 | D:3      | Found a shimmering altar of Xom.
  2389 | D:4      | Noticed a phantom
  2406 | D:4      | Killed a phantom
  2406 | D:4      | Reached skill level 3 in Staves
  2406 | D:4      | Reached XP level 6. HP: 48/55 MP: 5/5
  2431 | D:4      | Reached skill level 5 in Fighting
  2461 | D:4      | Noticed a slave
  2461 | D:4      | Noticed a slave
  2461 | D:4      | Noticed a slave
  2462 | D:4      | Noticed a slave
  2463 | D:4      | Noticed Pikel
  2469 | D:4      | Killed Pikel
  2469 | D:4      | Reached skill level 5 in Staves
  2469 | D:4      | Reached skill level 5 in Armour
  2469 | D:4      | Reached XP level 7. HP: 62/62 MP: 6/6
  2535 | D:4      | Found Ampesoong's General Store.
  2540 | D:4      | Reached skill level 6 in Staves
  2586 | D:4      | Got a jet-studded ring mail
  2598 | D:4      | Identified the cursed +1 ring mail of Action {Str+5 Dex+2}
                  | (You found it on level 4 of the Dungeon)
  2767 | D:5      | Entered Level 5 of the Dungeon
  2784 | D:5      | Found a deep blue altar of Sif Muna.
  2834 | D:5      | Reached skill level 5 in Dodging
  2834 | D:5      | Reached XP level 8. HP: 63/70 MP: 7/7
  3040 | D:5      | Found a sacrificial altar of Ru.
  3277 | D:5      | Found Miuzxug's Armour Emporium.
  3503 | D:6      | Reached skill level 7 in Staves
  3622 | D:6      | Reached **** piety under Trog
  3667 | D:6      | Found Myegg's Weapon Shoppe.
  3706 | D:6      | Reached skill level 8 in Staves
  3893 | D:6      | Found an opulent altar of Gozag.
  3950 | D:7      | Reached XP level 9. HP: 79/79 MP: 8/8
  4091 | D:7      | Found a sand-covered staircase.
  4099 | Ossuary  | Entered an ossuary
  4407 | D:7      | Found a deep blue altar of Sif Muna.
  4697 | D:7      | Reached skill level 9 in Staves
  4740 | D:7      | Found Ixugag's Antique Armour Shoppe.
  4874 | D:7      | Found a staircase to the Ecumenical Temple.
  4958 | D:7      | Found Fiqo's Magic Scroll Emporium.
  4967 | D:7      | Bought 3 scrolls of enchant weapon for 247 gold pieces
  5194 | D:8      | Found a glowing golden altar of the Shining One.
  5218 | D:8      | Found a hide-covered altar of Uskayaw.
  5285 | D:8      | Noticed Gastronok
  5303 | D:8      | Killed Gastronok
  5303 | D:8      | Reached skill level 10 in Staves
  5303 | D:8      | Reached XP level 10. HP: 72/90 MP: 9/9
  5423 | D:8      | Noticed Maurice
  5432 | D:8      | Killed Maurice
  5486 | D:8      | Reached skill level 11 in Staves
  5507 | D:8      | Reached ***** piety under Trog
  5765 | D:8      | Found a deep blue altar of Sif Muna.
  5807 | D:8      | Found a bloodstained altar of Trog.
  5813 | D:8      | Found a snail-covered altar of Cheibriados.
  6143 | D:9      | Found an iron altar of Okawaru.
  6308 | D:9      | Found a blossoming altar of Fedhas.
  6308 | D:9      | Found a bloodstained altar of Trog.
  6309 | D:9      | Found a hazy altar of Hepliaklqana.
  6392 | D:10     | Entered Level 10 of the Dungeon
  6484 | D:10     | Reached skill level 12 in Staves
  6488 | D:10     | Noticed a centaur warrior
  6491 | D:10     | Noticed a gargoyle
  6498 | D:10     | Killed a gargoyle
  6501 | D:10     | Reached XP level 11. HP: 64/99 MP: 10/10
  6504 | D:10     | Killed a centaur warrior
  6504 | D:10     | Reached skill level 10 in Fighting
  6754 | D:10     | Found a staircase to the Lair.
  6855 | D:10     | Received a gift from Trog
  6880 | D:10     | Found an iron altar of Okawaru.
  6945 | D:10     | Killed an unseen horror
  7157 | Lair:1   | Entered Level 1 of the Lair of Beasts
  7192 | Lair:1   | Noticed Prince Ribbit
  7222 | Lair:1   | Killed Prince Ribbit
  7222 | Lair:1   | Reached skill level 10 in Armour
  7236 | Lair:1   | Found a gate leading to a gauntlet.
  7260 | Gauntlet | Entered a Gauntlet
  7260 | Gauntlet | Found a transporter.
  7260 | Gauntlet | Found a transporter.
  7348 | Gauntlet | Found a transporter.
  7351 | Gauntlet | Found a transporter.
  7351 | Gauntlet | Found a transporter.
  7352 | Gauntlet | Found a transporter.
  7354 | Gauntlet | Noticed a fire crab
  7360 | Gauntlet | Noticed a thrashing horror
  7365 | Gauntlet | Noticed a thrashing horror
  7368 | Gauntlet | Found a transporter.
  7370 | Gauntlet | Found a transporter.
  7380 | Gauntlet | Found a transporter.
  7390 | Gauntlet | Found a transporter.
  7408 | Gauntlet | Found the +0 pair of fencer's gloves {Riposte Dex+3}
  7474 | Gauntlet | Reached skill level 13 in Staves
  7481 | Gauntlet | Killed a fire crab
  7607 | Gauntlet | Killed a thrashing horror
  7612 | Gauntlet | Killed a thrashing horror
  7645 | Gauntlet | Got a pair of spiked gloves
  7656 | Gauntlet | Identified the +0 pair of gloves "Soetzi" {rPois rF+ Int+2}
                  | (You found it in a Gauntlet)
  7764 | Gauntlet | Identified the +10 hand crossbow of Causality {elec, rElec
                  | rN+}
  7764 | Gauntlet | Identified the +4 scale mail of the Volcano {rN++ Int+2}
  7764 | Gauntlet | Noticed a minotaur
  7772 | Gauntlet | Mangled by a minotaur

Skill      XL: |  1  2  3  4  5  6  7  8  9 10 11 |
---------------+----------------------------------+-----
Maces & Flails | 4 |  4.6
Fighting       | 4 5 6 7 8 9 10 | 10.8
Armour         | 3 4 5 6 8 9 10 | 10.5
Staves         | 1 3 5 6 8 10 12 13 | 13.5
Dodging        | 3 4 5 6 7 8 9 |  9.6

Action                   |  1- 3 |  4- 6 |  7- 9 | 10-12 || total
-------------------------+-------+-------+-------+-------++-------
Melee: Mace              |    54 |       |       |       ||    54
       Headbutt          |     5 |    14 |    38 |    38 ||    95
       Quarterstaff      |       |    93 |   165 |   177 ||   435
Throw: Throwing net      |       |       |     1 |     1 ||     2
Invok: Berserk           |     2 |     2 |     4 |     3 ||    11
       Trog's Hand       |     1 |       |       |     1 ||     2
  Use: Scroll            |       |     8 |    12 |     6 ||    26
       Potion            |       |       |     5 |     1 ||     6
 Stab: Paralysed         |       |       |       |     3 ||     3
       Confused          |       |       |       |     1 ||     1
  Eat: Chunk             |     1 |     7 |    13 |     8 ||    29
       Ration            |       |       |       |     1 ||     1
Armor: Ring mail         |    10 |       |    44 |    58 ||   112
       Chain mail        |    19 |    56 |       |       ||    75
       Skin              |       |       |       |    20 ||    20
Dodge: Dodged            |    26 |    33 |    80 |    96 ||   235
